 Dungeon Crawl Stone Soup version 0.25.1-9-gc5326a611f (webtiles) character file.

Game seed: 6612155881792965511

239 phalm the Shooter (level 5, -1/45 HPs)
             Began as a Centaur Hunter on Apr 28, 2021.
             Killed from afar by an electric eel (10 damage)
             ... with a bolt of electricity
             ... on level 9 of the Dungeon.
             The game lasted 00:09:30 (2535 turns).

phalm the Shooter (Centaur Hunter)                  Turns: 2535, Time: 00:09:31

Health: -1/45      AC:  5    Str: 14    XL:     5   Next: 79%
Magic:  5/5        EV: 10    Int: 10    God:
Gold:   90         SH:  0    Dex: 11    Spells: 4/4 levels left

rFire    . . .     SeeInvis .   a - +1 shortbow
rCold    . . .     Gourm    .   (shield currently unavailable)
rNeg     . . .     Faith    .   c - +0 leather armour
rPois    .         Spirit   .   (no helmet)
rElec    .         Reflect  .   m - scarf {+Inv}
rCorr    .         Harm     .   q - +0 pair of gloves
MR       .....                  (no barding)
Stlth    +.........             (no amulet)
HPRegen  0.15/turn              (no ring)
MPRegen  0.09/turn              (no ring)

@: very quick
A: large, hooves 3, deformed body, speed 2, tough skin 3
a: Evoke Invisibility


You were on level 9 of the Dungeon.
You were not hungry.

You visited 1 branch of the dungeon, and saw 5 of its levels.

You collected 90 gold pieces.


Innate Abilities, Weirdness & Mutations

You have hooves in place of feet.
Armour fits poorly on your strangely shaped body.
You cover ground very quickly.
You have extremely tough skin. (AC +3)


   Skills:
 + Level 3.5 Fighting
 + Level 0.1 Short Blades
 * Level 7.2 Bows
 - Level 0.6 Armour
 + Level 2.5 Dodging
 - Level 0.4 Stealth


You had 4 spell levels left.
You didn't know any spells.
Your spell library was empty.

Inventory:

Hand Weapons
 a - a +1 shortbow (weapon)
 b - a +0 short sword
 r - a +0 rapier
   (You found it on level 6 of the Dungeon)
Missiles
 d - 65 arrows (quivered)
Armour
 c - a +0 leather armour (worn)
 m - a scarf of invisibility (worn)
   (You found it on level 1 of the Dungeon)
 q - a +0 pair of gloves (worn)
   (You found it on level 2 of the Dungeon)
Scrolls
 g - a scroll of enchant weapon {unknown}
 h - 2 scrolls of teleportation {unknown}
 i - 5 scrolls of identify {unknown}
 o - 3 scrolls of remove curse {unknown}
 p - a scroll of fog {unknown}
Potions
 e - a potion of heal wounds {unknown}
 j - 2 potions of curing {unknown}
 k - a potion of stabbing {unknown}
 n - a potion of flight {unknown}
Comestibles
 f - 6 rations
 l - 2 chunks of flesh

Dungeon Overview and Level Annotations

Branches:
Dungeon (3/15)

Altars:
Dithmenos
Trog
Yredelemnul

.# .#
...(≈≈≈≈≈≈...
....
....P≈≈≈≈≈...#
.##.
#...≈≈≈≈≈≈...# ##
##...≈≈≈P≈P≈..#
##....≈≈≈≈.....#
.#..≈.P≈≈≈;.≈%..#
.....P≈≈≈≈.≈....#
...≈≈≈≈P≈.@...#
##≈≈≈≈P≈P....##
##
###≈≈≈≈≈≈≈≈...##
.#
#≈≈≈≈≈≈PP.....#
.#
≈≈≈≈≈≈.P.....##
.# #≈#≈≈Y....###
.# ####≈≈....##
## #......####
.####.######


You could see an ice beast and an electric eel.


Message History

😕 HP[+1]
You see here a +0 whip. 😕 HP[+1] Firing (i - inventory)
d - 56 arrows (quivered)
Press: ? - help, Shift-Dir - straight line, f/p - adder
Aim: an adder You shoot an arrow.
The arrow completely misses the adder. 😎 HP[+1]
Your hp is fully restored (45).
Firing (i - inventory)
d - 55 arrows (quivered)
Press: ? - help, Shift-Dir - straight line, f/p - adder
Aim: an adder You shoot an arrow.
The arrow hits the adder!
You kill the adder!
b - a +0 short sword (weapon)
d - 55 arrows (gained 1)
You butcher the adder corpse.
l - a chunk of flesh You see here an adder skeleton. x2
d - 56 arrows (gained 1)
You see here a +0 whip.
A leopard gecko comes into view.
You see here 2 arrows.
d - 58 arrows (gained 2)
The leopard gecko hisses angrily.
a - a +1 shortbow (weapon)
Firing (i - inventory)
d - 58 arrows (quivered)
Press: ? - help, Shift-Dir - straight line, f - leopard gecko
Aim: a leopard gecko You shoot an arrow.
The arrow hits the leopard gecko!
You kill the leopard gecko!
No target in view!
d - 59 arrows (gained 2)
d - 60 arrows (gained 1)
d - 67 arrows (gained 7)
d - 68 arrows (gained 1)
You butcher the leopard gecko corpse.
l - 2 chunks of flesh (gained 1)
You see here a leopard gecko skeleton. x2
i - 5 scrolls labeled IXABYH OSUPEIVA (gained 1)
You fall into a shaft and drop 3 floors!
The shaft crumbles and collapses.
A sky beast comes into view.
The sky beast flickers out of sight!
Deactivating autopickup; reactivate with Ctrl-A.
A sky beast appears from thin air!
Reactivating autopickup.
Found a stone staircase leading down.
An orc comes into view. It is wielding a -3 mace.
The orc shouts!
You hear a shout!
An ice beast comes into view.
The ice beast hits you. The ice beast freezes you! 😮 HP[-14]
You take 14 damage, and now have 31/45 hp.
MASSIVE DAMAGE!! (PAUSE)
The sky beast flickers out of sight!
Deactivating autopickup; reactivate with Ctrl-A. 😮 HP[+1]
A sky beast appears from thin air!
Reactivating autopickup.
The sky beast flickers out of sight!
Deactivating autopickup; reactivate with Ctrl-A. 😮 HP[+1] 😕 HP[+1]
An electric eel comes into view.
You enter the shallow water.
Moving in this stuff is going to be slow.
The electric eel shoots out a bolt of lightning at you!
The bolt of electricity hits the plant.
The bolt of electricity hits you! 😮 HP[-8]
You take 8 damage, and now have 26/45 hp.
The electric eel shoots out a bolt of lightning at you!
The bolt of electricity hits you!
* * * LOW HITPOINT WARNING * * *
😨 HP[-10]
You take 10 damage, and now have 16/45 hp.
MASSIVE DAMAGE!! (PAUSE) Firing (i - inventory)
d - 68 arrows (quivered)
Press: ? - help, Shift-Dir - straight line, f - electric eel
Aim: an electric eel (water)
You shoot an arrow. The arrow misses the electric eel.
You hear a splash.
Firing (i - inventory)
d - 67 arrows (quivered)
Press: ? - help, Shift-Dir - straight line, f/p - electric eel
Aim: an electric eel (water)
You shoot an arrow.
The arrow barely misses the electric eel.
You hear a splash.
The electric eel shoots out a bolt of lightning at you!
The bolt of electricity hits you!
* * * LOW HITPOINT WARNING * * *
😱 HP[-7]
You take 7 damage, and now have 9/45 hp.
Firing (i - inventory)
d - 66 arrows (quivered)
Press: ? - help, Shift-Dir - straight line, f/p - electric eel
Aim: an electric eel (water)
You shoot an arrow. The arrow hits the electric eel.
The electric eel shoots out a bolt of lightning at you!
The bolt of electricity hits you!
You die...

Skill      XL: |  1  2  3  4  5 |
---------------+----------------+-----
Dodging        | 2 |  2.5
Fighting       | 3 |  3.5
Bows           | 6 7 |  7.2
Short Blades   | |  0.1
Armour         | |  0.6
Stealth        | |  0.4

Action                   |  1- 3 |  4- 6 || total
-------------------------+-------+-------++-------
Melee: Short sword       |    71 |     5 ||    76
       Kick              |    14 |     2 ||    16
 Fire: Shortbow          |   111 |    32 ||   143
  Eat: Chunk             |     2 |     1 ||     3
Armor: Leather armour    |    58 |     1 ||    59
Dodge: Dodged            |    52 |     2 ||    54

Levels and vault maps discovered:
D:1:      lightli_arrival_lavapool, layout_loops_ring, minmay_pentomino_x4
D:2:      cheibrodos_helix_gallery, layout_loops_ring, kennysheep_cross_room,
          grunt_decor_mini_mirrors, tgw_trog
D:3:      layout_basic, nicolae_overflow_crystal_walls, first_ration,
          minmay_randomly_rotated_circles, uniq_jessica, uniq_sigmund
D:6:      layout_basic, kennysheep_mini_moat, gammafunk_ghost_nasty_kobolds
D:9:      gammafunk_wand_slinger, layout_cross, dancing_weapons_uskayaw,
          serial_shops, shop_fountains, minmay_door_square, chequers_big_river

Notes
Turn   | Place    | Note
-------+----------+-------------------------------------------
     0 | D:1      | phalm the Centaur Hunter began the quest for the Orb.
     0 | D:1      | Reached XP level 1. HP: 17/17 MP: 1/1
     0 | D:1      | magus.rc [v1.9.10]
   193 | D:1      | Reached XP level 2. HP: 19/24 MP: 2/2
   911 | D:1      | Reached XP level 3. HP: 30/30 MP: 3/3
  1071 | D:2      | Noticed a moth of wrath
  1074 | D:2      | Found a bloodstained altar of Trog.
  1655 | D:2      | Reached skill level 2 in Dodging
  1884 | D:3      | Found a shadowy altar of Dithmenos.
  1953 | D:3      | You fall into a shaft and drop 3 floors!
  2008 | D:6      | Noticed an orc warrior
  2064 | D:6      | Killed an orc warrior
  2064 | D:6      | Reached skill level 3 in Fighting
  2064 | D:6      | Reached skill level 6 in Bows
  2064 | D:6      | Reached XP level 4. HP: 21/38 MP: 4/4
  2064 | D:6      | Reached XP level 5. HP: 25/45 MP: 5/5
  2265 | D:6      | Found a basalt altar of Yredelemnul.
  2301 | D:6      | Reached skill level 7 in Bows
  2458 | D:6      | You fall into a shaft and drop 3 floors!
  2466 | D:9      | Noticed a sky beast
  2482 | D:9      | Noticed a +0 dagger
  2500 | D:9      | Noticed an ice beast
  2534 | D:9      | HP: 9/45 [electric eel/bolt of electricity (8)]
  2535 | D:9      | Killed from afar by an electric eel

Vanquished Creatures
  An orc warrior (D:6)
  An orc priest (D:6)
  2 orc wizards (D:6)
  An adder (D:6)
  2 worms (D:2)
  2 leopard geckos
  3 orcs (D:6)
  5 bats
  2 giant cockroaches
  7 hobgoblins
  5 jackals (D:1)
  4 frilled lizards
  5 goblins
  5 kobolds
  8 rats
53 creatures vanquished.

Table legend:
 A = Non-vault XP
 B = Vault XP
 C = Vault XP percentage of total XP
 D = Non-vault monster count
 E = Vault monster count
 F = Vault count percentage of total count
                 A         B        C        D         E       F
            +---------+---------+-------+---------+---------+-------
      Total |     320 |      22 |   6.4 |      43 |      10 |  18.9
            +---------+---------+-------+---------+---------+-------
        D:1 |      41 |       6 |  12.8 |      25 |       3 |  10.7
        D:2 |      10 |      16 |  61.5 |       7 |       7 |  50.0
        D:3 |       2 |       0 |   0.0 |       2 |       0 |   0.0
        D:6 |     267 |       0 |   0.0 |       9 |       0 |   0.0
            +---------+---------+-------+---------+---------+-------

Skill      XL: |  1  2  3  4  5 |
---------------+----------------+-----
Dodging        | 2 |  2.5
Fighting       | 3 |  3.5
Bows           | 6 7 |  7.2
Short Blades   | |  0.1
Armour         | |  0.6
Stealth        | |  0.4

Action                   |  1- 3 |  4- 6 || total
-------------------------+-------+-------++-------
Melee: Short sword       |    71 |     5 ||    76
       Kick              |    14 |     2 ||    16
 Fire: Shortbow          |   111 |    32 ||   143
  Eat: Chunk             |     2 |     1 ||     3
Armor: Leather armour    |    58 |     1 ||    59
Dodge: Dodged            |    52 |     2 ||    54

Illustrated notes

Table legend:
 A = Kills in this place as a percentage of kills in entire the game.
 B = Kills by you in this place as a percentage of kills by you in the entire game.
 C = Kills by friends in this place as a percentage of kills by friends in the entire game.
 D = Other kills in this place as a percentage of other kills in the entire game.
 E = Experience gained in this place as a percentage of experience gained in the entire game.
 F = Experience gained in this place divided by the number of levels of this place that you have seen.
                   A       B       C       D       E      F
               +-------+-------+-------+-------+-------+----------------------
         Total | 100.0 | 100.0 |   N/A |   N/A | 100.0 |  68.4
       Dungeon | 100.0 | 100.0 |   N/A |   N/A | 100.0 |  68.4
               +-------+-------+-------+-------+-------+----------------------

Table legend:
 A = Turns spent in this place as a percentage of turns spent in the entire game.
 B = Non-inter-level travel turns spent in this place as a percentage of non-inter-level travel turns spent in the entire game.
 C = Inter-level travel turns spent in this place as a percentage of turns spent in this place.
 D = Turns resting spent in this place as a percentage of non-inter-level travel turns spent in this place.
 E = Turns spent auto-exploring this place as a percentage of non-inter-level travel turns spent in this place.
 F = Non-inter-level travel turns spent in this place divided by the number of levels of this place that you've seen.
                   A       B       C       D       E      F
               +-------+-------+-------+-------+-------+----------------------
         Total | 100.0 | 100.0 |   1.1 |   0.0 |  74.6 | 501.6
       Dungeon | 100.0 | 100.0 |   1.1 |   0.0 |  74.6 | 501.6
               +-------+-------+-------+-------+-------+----------------------
